Map: Frozen Temple

Players

OutLaW - Winner!

  • Race: Zerg Zerg
  • League: Gold

capac

  • Race: Terran Terran
  • League: Gold

VOD

Have the link to the VOD?

Description

Time

  • Played on: April 18, 2016, 2:41 p.m.
  • Length: 16:46
Show
View Real Time Build Order
Export as new Build Order

OutLaW Zerg - Winner!

Build Orders: Pool First, Zergling Baneling 

Get SALT Encoding   

  12  0:01  Drone  
  13  0:12  Overlord  
  13  0:20  Drone  
  14  0:31  Drone  
  14  0:32  Drone  
  14  0:34  Drone  
  17  0:45  Extractor  
  17  0:49  Spawning Pool  
  15  0:51  Drone  
  15  0:56  Drone  
  17  1:10  Drone  
  18  1:18  Drone  
  19  1:33  Overlord  
  19  1:42  Hatchery  
  19  1:46  Metabolic Boost  
  18  1:49  Queen  
  20  1:56  Zergling x2  
  20  1:57  Zergling x2  
  22  2:03  Zergling x2  
  23  2:10  Baneling Nest  
  23  2:13  Drone  
  23  2:24  Drone  
  23  2:28  Queen  
  26  2:38  Overlord  
  26  2:46  Drone  
  27  2:58  Queen, Drone x2  
  29  3:00  Zergling x4  
  29  3:01  Zergling x2  
  34  3:14  Zergling x4  
  36  3:24  Zergling x2  
  36  3:25  Zergling x2  
  36  3:26  Zergling x2  
  38  3:31  Zergling x2  
  37  3:42  Zergling x4  
  39  3:54  Zergling x6  
  39  3:55  Zergling x2  
  43  3:59  Baneling  
  43  4:00  Baneling x6  
  43  4:05  Zergling x2  
  43  4:06  Overlord x2  
  37  4:33  Zergling x2  
  37  4:34  Zergling x12  
  42  4:44  Zergling x2  
  42  4:45  Zergling x6  
  43  4:51  Baneling  
  43  4:52  Baneling x5  
  42  4:53  Zergling x4  
  44  5:02  Zergling x2  
  45  5:13  Zergling x4  
  38  5:18  Drone  
  38  5:25  Drone x2  
  38  5:26  Drone x2  
  38  5:27  Drone x4  
  46  5:44  Drone  
  46  5:45  Drone  
  46  5:46  Drone  
  46  5:47  Lair  
  46  5:48  Drone  
  50  5:54  Extractor  
  50  5:56  Extractor, Drone x2  
  50  6:06  Hatchery  
  50  6:09  Drone x2  
  51  6:15  Roach Warren  
  51  6:16  Drone x4  
  51  6:17  Drone  
  55  6:21  Drone  
  56  6:27  Overlord  
  56  6:28  Overlord  
  56  6:30  Drone x2  
  58  6:35  Evolution Chamber  
  58  6:38  Drone  
  58  6:39  Evolution Chamber  
  57  6:43  Drone  
  57  6:44  Drone x2  
  60  6:49  Spore Crawler  
  60  6:50  Drone  
  60  6:53  Spore Crawler  
  59  6:55  Drone x2  
  59  6:59  Glial Reconstitution  
  59  7:01  Drone  
  62  7:08  Drone x2  
  64  7:14  Spore Crawler  
  62  7:24  Drone x2  
  62  7:25  Drone x3  
  62  7:26  Roach  
  62  7:27  Roach  
  71  7:33  Roach  
  71  7:34  Drone  
  74  7:37  Zerg Missile Weapons Level 1, Zerg Ground Armor Level 1  
  74  7:38  Drone  
  74  7:39  Drone x2  
  74  7:42  Overseer  
  77  7:48  Drone x2  
  77  7:49  Extractor  
  78  7:53  Drone x2  
  78  7:57  Extractor  
  79  8:00  Extractor  
  78  8:11  Roach x2  
  82  8:15  Hydralisk Den  
  81  8:22  Spine Crawler  
  81  8:23  Roach  
  81  8:24  Overlord x4  
  82  8:31  Infestation Pit  
  81  8:36  Spine Crawler  
  81  8:40  Roach  
  82  8:43  Ravager x5  
  82  8:44  Hydralisk x5  
  97  8:53  Hydralisk x2  
  101  8:58  Overlord x2  
  101  8:59  Overlord  
  101  9:03  Hydralisk, Muscular Augments  
  101  9:05  Zergling x6  
  101  9:06  Zergling x6, Drone  
  110  9:19  Hatchery  
  109  9:38  Hydralisk  
  109  9:39  Hydralisk x7  
  109  9:42  Baneling  
  109  9:43  Baneling x5  
  125  9:52  Centrifical Hooks  
  125  9:56  Zerg Missile Weapons Level 2  
  125  9:59  Roach x2  
  129  10:00  Drone x2  
  129  10:03  Drone x2  
  129  10:04  Drone  
  134  10:12  Roach x2  
  138  10:14  Overlord x2  
  138  10:15  Overlord  
  137  10:22  Spine Crawler  
  137  10:23  Drone x2  
  138  10:41  Roach x5  
  148  10:44  Spine Crawler  
  148  10:45  Drone x2, Spore Crawler  
  148  10:46  Drone x2  
  148  10:47  Drone x2  
  148  10:48  Roach  
  154  10:54  Hive  
  154  11:01  Spire, Drone  
  154  11:02  Drone  
  154  11:03  Drone  
  156  11:07  Spine Crawler, Drone  
  156  11:23  Drone x2  
  156  11:24  Lurker Den  
  159  11:25  Drone  
  159  11:27  Drone x3  
  159  11:28  Overlord x3  
  159  11:29  Overlord  
  162  11:35  Roach x2, Drone  
  167  11:40  Overseer  
  167  11:41  Extractor  
  167  11:42  Extractor  
  165  11:49  Spine Crawler, Spore Crawler  
  163  11:54  Hydralisk x2  
  163  11:55  Roach x2, Hydralisk x3  
  175  12:23  Baneling x4  
  175  12:24  Baneling x2  
  175  12:29  Hydralisk x3, Roach x2  
  181  12:30  Hydralisk, Roach  
  181  12:32  Corruptor  
  181  12:34  Overlord  
  181  12:35  Overlord  
  191  12:39  Zerg Ground Armor Level 2  
  191  12:40  Zerg Missile Weapons Level 3  
  191  12:41  Ultralisk Cavern  
  190  13:01  Hatchery  
  189  13:08  Roach x2, Corruptor  
  189  13:09  Corruptor x2  
  199  13:18  Baneling  
  199  13:19  Baneling x12  
  199  13:23  Overseer x3  
  158  13:58  Roach x5  
  158  13:59  Roach x3  
  158  14:00  Ultralisk x5  
  176  14:13  Roach x7  
  176  14:14  Roach  
  176  14:15  Zergling x2  
  186  14:42  Ultralisk x2  
  186  14:45  Drone x2  
  200  15:02  Greater Spire  
  200  15:03  Chitinous Plating, Spore Crawler  
  200  15:07  Extractor  
  198  15:08  Extractor  
  197  15:38  Corruptor  
  197  15:40  Zergling x2  
  200  15:43  Pathogen Glands  
Show
View Real Time Build Order
Export as new Build Order

capac Terran 

Build Orders:  

Get SALT Encoding   

  12  0:01  SCV  
  13  0:13  SCV  
  14  0:18  Supply Depot  
  14  0:25  SCV  
  15  0:40  Barracks, SCV  
  16  0:48  Refinery  
  16  0:52  SCV  
  17  1:04  SCV  
  18  1:16  SCV  
  19  1:28  SCV  
  20  1:36  Reaper  
  20  1:40  Command Center  
  20  1:49  Orbital Command  
  20  2:06  Supply Depot  
  20  2:10  Barracks  
  20  2:12  Barracks Reactor  
  20  2:21  SCV  
  21  2:48  Factory  
  21  2:49  Marine x2  
  21  2:50  Refinery  
  21  3:13  Marine x2  
  21  3:15  SCV  
  24  3:26  Marine  
  23  3:36  Starport  
  23  3:39  Marine x2  
  25  3:53  Barracks Tech Lab  
  24  4:02  Marine x2  
  25  4:05  Factory Tech Lab  
  26  4:17  Marine  
  26  4:20  Marine  
  26  4:23  Marine  
  29  4:30  Siege Tank  
  32  4:34  Supply Depot  
  32  4:35  Marine  
  32  4:38  Marine  
  28  4:53  SCV  
  28  4:57  SCV  
  30  5:05  SCV  
  27  5:18  Supply Depot  
  27  5:21  SCV x2  
  29  5:36  SCV x2  
  31  5:45  Siege Tank  
  34  6:01  SCV x2  
  34  6:03  Starport Reactor  
  36  6:10  Barracks  
  36  6:13  SCV x2  
  36  6:17  Marine x2  
  40  6:26  Supply Depot  
  40  6:33  SCV  
  40  6:37  Orbital Command  
  41  6:46  SCV  
  42  6:52  Medivac x2  
  46  6:55  Orbital Command  
  46  7:00  Barracks Reactor  
  46  7:06  Marine x3  
  49  7:24  Marine x2  
  49  7:25  Marine  
  52  7:30  SCV x2  
  54  7:44  Engineering Bay  
  54  7:46  Engineering Bay  
  54  7:50  Supply Depot, Marine x4  
  54  7:51  Supply Depot  
  58  7:55  SCV x2  
  60  8:05  Bunker  
  60  8:07  SCV x2  
  62  8:15  Marine x2  
  62  8:16  Marine  
  62  8:19  Missile Turret  
  65  8:20  Missile Turret  
  65  8:25  Supply Depot  
  65  8:28  SCV  
  65  8:30  SCV  
  67  8:39  Terran Infantry Weapons Level 1, Terran Infantry Armor Level 1  
  67  8:45  Stimpack  
  67  8:49  Siege Tank  
  67  8:51  SCV  
  67  8:54  SCV  
  72  9:03  Supply Depot  
  72  9:04  SCV  
  72  9:05  Missile Turret  
  72  9:06  Marine x3, SCV  
  77  9:11  Medivac  
  77  9:14  Medivac  
  81  9:17  SCV  
  81  9:18  SCV  
  83  9:25  Refinery  
  83  9:35  Supply Depot  
  83  9:37  Command Center  
  83  9:46  SCV x2  
  85  9:54  Marine x2  
  85  9:55  Marine x2  
  85  9:58  Medivac x2  
  93  10:03  Supply Depot  
  93  10:04  Starport, SCV x2  
  95  10:09  Refinery  
  95  10:17  SCV x2, Missile Turret  
  95  10:18  Marine x2  
  95  10:20  Marine x2  
  101  10:26  Supply Depot  
  101  10:41  Marine  
  102  10:45  Starport Reactor  
  102  10:53  Supply Depot  
  102  11:05  Viking x2  
  102  11:07  Marine, Siege Tank  
  102  11:08  Marine x4  
  114  11:16  Barracks, Orbital Command  
  114  11:17  Barracks  
  114  11:24  SCV  
  114  11:25  Marine x3  
  115  11:28  Viking  
  120  11:37  Viking  
  122  11:42  Viking  
  122  11:44  SCV  
  125  11:49  Marine x2  
  125  11:50  Marine  
  128  12:07  Combat Shields  
  128  12:12  Barracks Reactor  
  128  12:13  Barracks Tech Lab  
  128  12:15  Armory  
  128  12:19  Liberator  
  128  12:31  Marine x4  
  128  12:33  Marauder x2  
  139  12:40  Supply Depot  
  139  12:41  Supply Depot  
  139  12:45  Liberator x3  
  139  12:47  Starport  
  139  12:48  Marine x2  
  141  12:59  Refinery  
  141  13:02  Marine x4  
  141  13:03  Marauder  
  141  13:05  Supply Depot  
  156  13:08  Supply Depot  
  156  13:14  Terran Infantry Weapons Level 2, Barracks  
  156  13:15  Terran Infantry Armor Level 2  
  156  13:16  Terran Ship Weapons Level 1  
  156  13:18  Concussive Shells  
  158  13:27  Marauder  
  158  13:29  SCV x2  
  158  13:30  Marine x2, SCV  
  158  13:31  Marine x3  
  124  13:51  Liberator x3  
  82  14:09  Marine x2  
  75  14:10  Marine x4  
  70  14:19  Marine x2  
  65  14:42  Orbital Command  
  65  15:21  SCV  
  66  15:46  Command Center  
  66  16:15  Command Center  
  75  16:26  Marine x2  
Tags
 
Add a new tag
Caveats
  • Supply blocks, unpowered buildings, or Contaminate may cause inaccurate times.
  • Supply counts are checked every 10 seconds.